Map: Zen LE

Players

prospeKt - Winner!

  • Race: Zerg Zerg
  • League: Platinum
  • Spawn Location: 7:00

VOD

Have the link to the VOD?

Description

Time

  • Played on: May 28, 2020, 11:17 a.m.
  • Length: 16:08
Show
View Real Time Build Order
Export as new Build Order

prospeKt Zerg - Winner!

Build Orders:  

Get SALT Encoding   

  12  0:02  Drone  
  13  0:18  Overlord  
  13  0:23  Drone  
  14  0:45  Drone x2  
  16  0:50  Drone  
  17  1:15  Hatchery  
  16  1:20  Drone  
  16  1:25  Drone  
  18  1:45  Spawning Pool  
  18  1:49  Drone  
  18  1:54  Drone  
  19  2:08  Drone  
  19  2:09  Extractor  
  19  2:18  Drone  
  20  2:35  Drone  
  21  2:52  Drone  
  21  2:57  Queen x2  
  21  2:59  Overlord  
  26  3:08  Drone  
  27  3:20  Drone  
  27  3:25  Drone  
  27  3:27  Overlord  
  29  3:34  Drone  
  30  3:42  Drone  
  31  3:56  Drone  
  31  3:57  Drone  
  33  4:08  Lair, Drone  
  34  4:13  Drone  
  34  4:18  Queen  
  37  4:21  Overlord  
  37  4:31  Drone  
  37  4:36  Drone  
  37  4:38  Extractor x2  
  37  4:39  Drone x3  
  40  4:41  Drone x2  
  40  4:42  Drone  
  43  4:51  Drone  
  43  4:53  Overlord  
  44  5:04  Drone  
  45  5:22  Drone x3  
  45  5:28  Hatchery  
  47  5:31  Roach Warren  
  47  5:33  Evolution Chamber  
  45  5:44  Overlord, Drone  
  45  5:47  Drone  
  47  5:56  Drone x2  
  47  5:58  Drone x2  
  51  6:03  Drone  
  51  6:08  Zerg Missile Weapons Level 1  
  52  6:29  Roach x4  
  40  6:30  Roach x2  
  60  6:31  Overlord  
  60  6:37  Glial Reconstitution  
  60  6:38  Roach x2  
  68  7:00  Drone  
  68  7:01  Drone x3  
  68  7:05  Overlord  
  68  7:09  Overlord  
  72  7:11  Drone x3  
  75  7:22  Drone  
  75  7:23  Drone x3  
  75  7:24  Overlord  
  79  7:34  Overlord, Drone  
  80  7:40  Drone  
  80  7:46  Drone x2  
  83  7:50  Overlord, Drone x2  
  83  7:58  Extractor  
  84  8:04  Drone, Extractor  
  84  8:05  Drone x4, Roach  
  84  8:08  Overlord  
  88  8:16  Drone x4  
  92  8:21  Evolution Chamber  
  92  8:23  Hatchery  
  91  8:34  Drone  
  91  8:35  Drone x3  
  94  8:44  Hydralisk Den  
  93  8:55  Drone  
  93  8:56  Drone x7  
  93  8:58  Overlord  
  95  9:11  Drone  
  95  9:12  Drone  
  95  9:14  Roach  
  91  9:26  Hatchery  
  91  9:27  Roach x6  
  91  9:28  Roach  
  94  9:41  Drone  
  94  9:42  Drone x4  
  99  10:07  Drone x2  
  99  10:08  Drone x2  
  99  10:09  Hydralisk x3  
  109  10:10  Hydralisk x2  
  109  10:14  Zerg Missile Weapons Level 2, Zerg Ground Armor Level 1  
  113  10:21  Hydralisk x6  
  113  10:29  Queen  
  127  10:43  Drone x2  
  129  10:52  Hydralisk  
  129  10:53  Hydralisk x6  
  129  10:54  Overlord x2  
  129  10:55  Overlord  
  143  11:00  Hatchery  
  143  11:01  Extractor  
  143  11:03  Extractor  
  140  11:14  Hydralisk x5  
  150  11:30  Hydralisk  
  150  11:31  Hydralisk x9  
  150  11:33  Overlord  
  170  11:57  Hydralisk x2  
  170  11:58  Overlord x2, Hydralisk  
  170  11:59  Hydralisk, Unknown  
  178  12:00  Hydralisk x2  
  178  12:07  Overlord x2  
  182  12:38  Hatchery  
  182  12:39  Extractor  
  180  12:43  Hydralisk x8  
  180  12:44  Hydralisk x2  
  200  13:29  Overlord  
  200  13:30  Overlord x3  
  192  13:40  Infestation Pit  
  192  13:41  Spire  
  192  13:49  Hatchery  
  185  13:56  Hydralisk  
  185  13:57  Hydralisk x6  
  199  14:00  Drone  
  194  14:24  Drone  
  194  14:25  Drone  
  194  14:26  Drone x2  
  196  14:33  Hydralisk  
  196  14:34  Hydralisk x2  
  198  15:00  Extractor  
  198  15:03  Extractor  
  198  15:04  Drone x2  
  198  15:05  Hydralisk  
  198  16:00  Unknown  
Tags
 
League
Platinum
Matchup
Co-op
Add a new tag
Caveats
  • Supply blocks, unpowered buildings, or Contaminate may cause inaccurate times.
  • Supply counts are checked every 10 seconds.